 Dungeon Crawl Stone Soup version 0.28-a0-32-g8dfe7f97f6 (webtiles) character file.

Game seed: 11980127871045484803

29 willcat the Sneak (level 3, -2/23 HPs)
             Began as a Kobold Delver on July 27, 2021.
             Slain by a gnoll (7 damage)
             ... on level 8 of the Dungeon.
             The game lasted 00:00:39 (125 turns).

willcat the Sneak (Kobold Delver)                    Turns: 125, Time: 00:00:39

Health: -2/23      AC:  3    Str:  9    XL:     3   Next: 32%
Magic:  3/3        EV: 15    Int: 11    God:
Gold:   23         SH:  0    Dex: 17    Spells: 2/2 levels left

rFire   . . .      SeeInvis +   a - +0 short sword
rCold   . . .      Faith    .   (shield restricted)
rNeg    . . .      Spirit   .   b - +0 leather armour
rPois   .          Reflect  .   (no helmet)
rElec   .          Harm     .   (no cloak)
rCorr   .          Rampage  .   (no gloves)
Will    .....                   (no boots)
Stlth   ++++......              (no amulet)
HPRegen 0.07/turn               h - ring of see invisible
MPRegen 0.08/turn               (no ring)

@: no status effects
A: small, no large weapons, nightstalker 3
a: no special abilities


You were on level 8 of the Dungeon.
You visited 1 branch of the dungeon, and saw 4 of its levels.

You collected 23 gold pieces.

Inventory:

Hand Weapons
 a - a +0 short sword (weapon)
Armour
 b - a +0 leather armour (worn)
Jewellery
 h - a ring of see invisible (left hand)
Wands
 g - a wand of digging (3)
Scrolls
 c - a scroll of fog
 d - 2 scrolls of magic mapping
 e - a scroll of fear
Potions
 f - a potion of haste
 i - a potion of magic {unknown}
 j - a potion of heal wounds {unknown}
 k - a potion of mutation {unknown}


   Skills:
 - Level 3.2 Fighting
 + Level 3.4 Short Blades
 + Level 3.1 Dodging
 + Level 7.0 Stealth


You had 2 spell levels left.
You didn't know any spells.
Your spell library was empty.

Dungeon Overview and Level Annotations

Branches:
Dungeon (8/15)
 Temple: D:4-7         Lair: D:8-11

Altars:


Innate Abilities, Weirdness & Mutations

You are small and have problems with some larger weapons.
You are completely attuned to the shadows.


Message History

Your Dodging skill increases to level 3!
Your Stealth skill increases to level 7!
You have reached level 2!
You have reached level 3!
Your experience leads to an increase in your attributes!
Increase (S)trength, (I)ntelligence, or (D)exterity?
You feel agile.
Unknown command.
You see here a murky white potion.
A gnoll comes into view. It is wielding a +0 whip.
The gnoll hits you with a +0 flail.
You see here a murky white potion.
k - a murky white potion The gnoll closely misses you.
The gnoll shouts!
There is a stone staircase leading down here.
The gnoll closely misses you.
You climb downwards.
Found a stone staircase leading down.
There is a stone staircase leading up here.
Unknown command.
You closely miss the gnoll. The gnoll hits you with a +0 flail!
You barely miss the gnoll. You hit the gnoll.
The gnoll is moderately wounded.
The gnoll barely misses you.
You hit the gnoll but do no damage.
The gnoll is moderately wounded.
The gnoll barely misses you.
You hit the gnoll.
The gnoll is moderately wounded.
The gnoll hits you with a +0 flail!
* * * LOW HITPOINT WARNING * * *
You barely miss the gnoll.
The gnoll is moderately wounded.
The gnoll closely misses you.
You hit the gnoll but do no damage.
The gnoll is moderately wounded.
The gnoll hits you with a +0 flail!
You die...

.##...
......
...>.#
...g.##
....@.#
.##....#
#..###
####


You could see a gnoll.

Vanquished Creatures
  A jelly (D:7)
1 creature vanquished.

Notes
Turn   | Place    | Note
-------+----------+-------------------------------------------
     0 | D:5      | willcat the Kobold Delver began the quest for the Orb.
     0 | D:5      | Reached XP level 1. HP: 14/14 MP: 1/1
    26 | D:7      | Noticed a jelly
    95 | D:7      | Noticed a jelly
   100 | D:7      | Killed a jelly
   101 | D:7      | Reached skill level 7 in Stealth
   101 | D:7      | Reached XP level 2. HP: 19/19 MP: 2/2
   101 | D:7      | Reached XP level 3. HP: 23/23 MP: 3/3
   125 | D:8      | Slain by a gnoll

Illustrated notes

Levels and vault maps discovered:
D:5:      layout_basic, serial_shops, shop
D:6:      layout_basic, okawaru_altar_gauntlet_db, serial_park_tiny_2
D:7:      layout_rooms, temple_green, uniq_duvessa, uniq_crazy_yiuf_cottage
D:8:      layout_cave_pools, mainiacjoe_overflow_brackets, serial_shops, shop,
          minmay_evil_grid

Skill      XL: |  1 |
---------------+----+-----
Short Blades   | 3 |  3.4
Dodging        | 3 |  3.1
Stealth        | 7 |  7.0
Fighting       | |  3.2

Action                   || total
-------------------------++-------
Melee: Short sword       ||     8
 Stab: Sleeping          ||     1
Dodge: Dodged            ||     5

Table legend: (Time is in decaauts)
 A = Elapsed time spent in this place.
 B = Non-inter-level travel time spent in this place.
 C = Inter-level travel time spent in this place.
 D = Time resting spent in this place.
 E = Time spent auto-exploring this place.
 F = Levels seen in this place.
 G = Mean time per level.
                   A        B        C        D        E       F      G
               +--------+--------+--------+--------+--------+-----+--------+
         Total |    123 |    123 |      0 |      0 |      9 |   4 |   30.8 |
       Dungeon |    123 |    123 |      0 |      0 |      9 |   4 |   30.8 |
               +--------+--------+--------+--------+--------+-----+--------+

Top non-repeatable levels by time:
     D:7: 99 daAuts
     D:6: 16 daAuts
     D:8: 6 daAuts
     D:5: 1 daAuts
